Description

In this build order I show you how to defend a proxy marauders and of course how to scout it. (I explain this in the video)

Notes :

  • You need to scout against a terran: After the pylon or after the gateway
  • Always check the vespene and how many gas are take
  • Versus a proxy marauders, you need your robotic as fast as possible but before that, you nee at least 2 shield batteries
  • Wait your opponent, don't take any risk
  • Focus on fast Immortals production and use your probes if you really need it

VOD

https://youtu.be/QAZ13wsoyOU

Replay - llllllllllll v nova - Automne céruléen EC

Build Order

Get SALT Encoding   

  12  0:00  Probe  
  13  0:13  Probe  
  14  0:18  Pylon  
  14  0:21  Probe  
  15  0:32  Probe  
  15  0:38  Gateway  
  16  0:43  Probe  
  16  0:46  Assimilator  
  17  0:53  Probe  
  18  1:01  Probe  
  18  1:09  Probe  
  20  1:25  Assimilator  
  20  1:27  Cybernetics Core, Zealot  
  20  1:30  Probe  
  23  1:41  Assimilator  
  23  1:49  Pylon  
  23  1:59  Adept  
  23  2:00  Pylon  
  23  2:05  Warp Gate  
  23  2:07  Probe  
  26  2:19  Gateway  
  26  2:26  Shield Battery, Stalker  
  28  2:31  Shield Battery  
  28  2:43  Robotics Facility  
  28  2:58  Stalker  
  27  3:19  Shield Battery  
  27  3:23  Zealot  
  26  4:02  Shield Battery  
  28  4:13  Immortal, Zealot  
  33  4:34  Pylon  
  31  4:40  Pylon  
  33  4:52  Immortal  
  33  5:07  Stalker  
  35  5:25  Gateway  
  35  5:31  Stalker  
  35  5:32  Zealot  
  39  5:36  Warp Prism  
  37  6:11  Immortal  
  37  6:18  Zealot x2  
  39  6:56  Adept x3  
Spawning Tool Build Advisor. Get it on Overwolf

Go to:

Details

  • Created by: zuka      
  • Published on: Jan 21, 2019
  • Modified on: Jan 21, 2019
  • Patch: 4.7.1
Show
View Real Time Build Order
Export as new Build Order

Comments (0)

There are no comments. Be the first!

Create an account to comment!